slyhack, chaotic male human Rogue ---------------- ------------ |..).........<.| ...........| |..............| |..........| -|---.---------- ------------- ##-%.........| # ######## |`.........`| # |...^....>.| ### # |.....`.....| ### ------.----- # ### |...-----...| # # # |...|.{.....| ### # ------|--- |..`|{.{|`..| # # |........-########`|...|.{.|...| ### # |........| #-...-----...| # a |........| ##|.....`.....)### @ |........| |`.........`| ---.--- |......... ------------- |...*.. |........| |.....| ---------- ------- slyhack the Rogue Experience level: 6 Strength: 17 Dexterity: 16 Constitution: 12 Intelligence: 10 Wisdom: 14 Charisma: 9 Health: 0(36) Energy: 30(30) Def: 4 Gold: 0 Moves: 2827 Dungeon seed: 4I0zHhhV1X9E6FKQ Game ID: slyhack_1476453547 Your Inventory: Amulets d - a cursed amulet of change L - an uncursed amulet versus poison Weapons a - an uncursed +0 elven dagger (weapon in hand) b - 12 uncursed +0 daggers (in quiver) m - an uncursed +0 orcish dagger W - 4 uncursed +0 daggers Armor e - an uncursed +1 leather armor (being worn) n - an uncursed +0 dwarvish iron helm o - a blessed +0 orcish helm q - an uncursed +0 pair of speed boots (being worn) r - an uncursed +0 dwarvish cloak y - an uncursed +0 dwarvish cloak (being worn) Comestibles g - 4 uncursed tripe rations i - an uncursed cram ration l - an uncursed food ration p - an uncursed cherry E - an uncursed fortune cookie Q - an uncursed egg Scrolls h - an uncursed scroll of enchant weapon Wands f - an uncursed wand of locking (0:4) w - an uncursed wand of digging (0:6) Tools j - an uncursed blindfold k - an uncursed lock pick B - an uncursed sack M - an uncursed tin whistle R - 21 uncursed tallow candles (0:200) T - an uncursed skeleton key Gems z - an uncursed worthless piece of white glass N - 2 uncursed worthless pieces of violet glass Y - an uncursed obsidian stone Contents of the sack: 741 gold pieces an uncursed scroll of blank paper an uncursed scroll of light a cursed scroll of magic mapping an uncursed scroll of scare monster a blessed potion of blindness an uncursed potion of see invisible an uncursed ring of cold resistance an uncursed wand of striking (0:6) an uncursed +0 pick-axe 6 uncursed tallow candles (0:200) Spells and supernatural/magical abilities: Name Level Category Fail Memory W - pray for help -- divine ? -- Your skills at the end: Fighting Skills Weapon Skills dagger [Basic] short sword [Basic] Spellcasting Skills Final Attributes: You were piously aligned. You were poison resistant. You were stealthy. You were very fast. You were lucky. You are dead. Vanquished creatures: a small mimic a leprechaun a shrieker 3 gnome lords an elf zombie a floating eye 3 dwarves a kobold lord a dwarf zombie 2 iguanas a coyote 2 hobbits 2 large kobolds a hobgoblin 3 giant rats 2 cave spiders a red mold 12 gnomes 5 geckos 4 jackals a fox 2 kobolds 3 goblins a sewer rat a grid bug 4 bats 2 lichens a kobold zombie 4 newts 67 creatures vanquished. Voluntary challenges: You used a wielded weapon 93 times, starting on turn 7. You were illiterate. You never genocided any monsters. You never polymorphed an object. You never changed form. You used no wishes. You never split a pudding. You never wrote Elbereth's name. You never violated your personal moral code. Dungeon overview: The Dungeons of Doom: levels 1 to 7 Level 1 a fountain a long staircase Level 2 an altar to Issek, a fountain Level 3 a potion shop, some fountains stairs to The Gnomish Mines Level 4 a general store, a fountain Level 5 a general store Level 6 (delphi) <- You were here many fountains Level 7 The Gnomish Mines: levels 4 to 6 Level 4 stairs to The Dungeons of Doom Level 5 Level 6 History has recorded: On T:1 you entered the Dungeons of Doom to retrieve the Amulet of Yendor! On T:464 you advanced to experience level 2. On T:530 you reached level 2 of The Dungeons of Doom. On T:557 you reached level 3 of The Dungeons of Doom. On T:875 you reached level 1 of The Gnomish Mines. On T:950 you advanced to experience level 3. On T:1159 you reached level 4 of The Dungeons of Doom. On T:1179 you reached level 5 of The Dungeons of Doom. On T:1277 you advanced to experience level 4. On T:1967 you reached level 2 of The Gnomish Mines. On T:2064 you advanced to experience level 5. On T:2395 you reached level 3 of The Gnomish Mines. On T:2558 you advanced to experience level 6. On T:2600 you reached level 6 of The Dungeons of Doom. On T:2675 you reached level 7 of The Dungeons of Doom. Score breakdown: Gold: 741 ( 9764 points) Experience: 6 levels (12456 points) Exploration: 7 levels ( 13.73%) (10392 points) Discoveries: 7 items ( 2.35%) ( 4597 points) Valuables value: (no points given unless you survive) Artifact value: 0 ( 0 points) Variety of kills: 29 monsters ( 7.61%) ( 8276 points) Turncount: 2827 turns ( -512 points) Survival: died (score multiplied by 80%) Total score: 35978 Latest messages: You stop running. You hit the elf zombie. You hit the elf zombie! You hear the splashing of a naiad. You hit the elf zombie. The elf zombie hits! You destroy the elf zombie! You see here a broadsword. There are several objects here. A trap door in the ceiling opens and a rock falls on your head! There are several objects here. A trap door in the ceiling opens and a rock falls on your head! You have a little trouble lifting m - a crude dagger. You have a little trouble lifting o - an iron skull cap. You have a little trouble lifting p - a cherry. The soldier ant bites! The soldier ant stings! You hit the soldier ant. The soldier ant bites! The soldier ant stings! You die... Final status: Goodbye slyhack the Rogue, killed by a soldier ant... You died in The Dungeons of Doom on dungeon level 6 with 35978 points, and 741 pieces of gold, after 2827 moves. You were level 6 with a maximum of 36 hit points when you died.